 Dungeon Crawl Stone Soup version 0.28-a0-1624-g820543e53a (console) character file.

Game seed: 15802191388944425051

7 Melian the Chopper (level 1, -1/30 HPs)
             Began as a Minotaur Berserker on Jan 23, 2022.
             Was a Follower of Trog.
             Slain by a kobold (5 damage)
             ... on level 1 of the Dungeon.
             The game lasted 00:00:25 (63 turns).

Melian the Chopper (Minotaur Berserker)               Turns: 63, Time: 00:00:26

Health: -1/30      AC:  2    Str: 21    XL:     1   Next: 83%
Magic:  0/0        EV: 12    Int:  4    God:    Trog [*.....]
Gold:   0          SH:  0    Dex:  9    Spells: 0/0 levels left

rFire   . . .      SeeInvis .   a - +0 hand axe
rCold   . . .      Faith    .   (no shield)
rNeg    . . .      Spirit   .   b - +0 animal skin
rPois   .          Reflect  .   (helmet restricted)
rElec   .          Harm     .   (no cloak)
rCorr   .          Rampage  .   (no gloves)
Will    .....                   (no boots)
Stlth   ..........              (no amulet)
HPRegen 0.10/turn               (no ring)
MPRegen 0.07/turn               (no ring)

@: berserking, very quick
A: horns 2, retaliatory headbutt
a: Renounce Religion, Berserk


You were on level 1 of the Dungeon.
You worshipped Trog.
Trog was aware of your devotion.
You visited 1 branch of the dungeon, and saw 1 of its levels.

Inventory:

Hand Weapons
 a - a +0 hand axe (weapon)
Armour
 b - a +0 animal skin (worn)


   Skills:
 + Level 3.8 Fighting
 + Level 3.8 Axes
 + Level 2.6 Armour
 + Level 2.3 Dodging


You couldn't memorise any spells.
You didn't know any spells.
Your spell library was empty.

Dungeon Overview and Level Annotations

Branches:
Dungeon (1/15)

Altars:


Innate Abilities, Weirdness & Mutations

You have a pair of horns on your head.
You reflexively headbutt those who attack you in melee.


Message History

The kobold shouts!
A bat comes into view.
You see here a quokka corpse.
You slash the bat!
You kill the bat!
Trog accepts your kill.
You closely miss the kobold.
An endoplasm comes into view.
The kobold hits you with a +0 short sword.
The endoplasm quivers.
You hit the kobold but do no damage.
The endoplasm jiggles.
The kobold barely misses you.
You hit the kobold but do no damage. The kobold closely misses you.
You barely miss the kobold.
The kobold hits you with a +0 short sword.
* * * LOW HITPOINT WARNING * * *
You miss the kobold.
The kobold hits you with a +0 short sword.
* * * LOW HITPOINT WARNING * * *
The kobold throws a stone.
The stone hits you.
* * * LOW HITPOINT WARNING * * *
The kobold throws a stone.
The stone barely misses you.
The kobold throws a stone.
The stone hits you but does no damage.
Found a book of Rime.
Okay, then.
The kobold throws a stone.
The stone closely misses you.
The kobold throws a stone.
The stone hits you but does no damage.
Found a stone staircase leading down.
A red film seems to cover your vision as you go berserk!
You feel yourself moving faster!
You feel mighty!
You slash the endoplasm!
You kill the endoplasm!
Trog accepts your kill.
You feel a strong urge to attack something.
The kobold barely misses you.
You closely miss the kobold. You completely miss the kobold.
The kobold hits you with a +0 short sword.
You die...

... . #.# .# #.#.#.#.
......:.....
#.#.#.#.#..###.##.#
.######.#.#........^.....
>.......................
♣♣♣♣♣♣♣♣♣.#.#.#.#........
♣.......♣.#.#.#.#..# ..#
♣.PPPPP.♣.@K.......##..#
♣.P≈≈≈P.♣..............##..
♣.P≈8≈P.♣.###+#†....†......
♣.P≈≈≈P.♣......##.###†.....
♣.PPPPP.♣......#### ..##..
♣......<♣......# ....
♣♣♣♣♣.♣♣♣......# .[### #.#
#.....## ..# ###.###.....#
..# #.........#.# ...
#.........#.#


You could see a kobold.

Vanquished Creatures
  An endoplasm (D:1)
  A hobgoblin (D:1)
  A quokka (D:1)
  A ball python (D:1)
  2 bats (D:1)
6 creatures vanquished.

Notes
Turn   | Place    | Note
-------+----------+-------------------------------------------
     0 | D:1      | Melian the Minotaur Berserker began the quest for the Orb.
     0 | D:1      | Reached XP level 1. HP: 19/19 MP: 0/0
    46 | D:1      | HP: 1/20 [kobold/stone (1)]
    63 | D:1      | Slain by a kobold

Illustrated notes

Levels and vault maps discovered:
D:1:      tarquinn_simple_flora_water_a, layout_basic, hangedman_feature_mirror

Action                   || total
-------------------------++-------
Melee: Hand axe          ||    19
Invok: Berserk           ||     1
Armor: Animal skin       ||     3
Dodge: Dodged            ||    10

Table legend: (Time is in decaauts)
 A = Elapsed time spent in this place.
 B = Non-inter-level travel time spent in this place.
 C = Inter-level travel time spent in this place.
 D = Time resting spent in this place.
 E = Time spent auto-exploring this place.
 F = Levels seen in this place.
 G = Mean time per level.
                   A        B        C        D        E       F      G
               +--------+--------+--------+--------+--------+-----+--------+
         Total |     63 |     63 |      0 |      0 |     18 |   1 |   63.0 |
       Dungeon |     63 |     63 |      0 |      0 |     18 |   1 |   63.0 |
               +--------+--------+--------+--------+--------+-----+--------+

Top non-repeatable levels by time:
     D:1: 63 daAuts
